 Dungeon Crawl Stone Soup version 0.29-a0-321-gf1c400731a (webtiles) character file.

Game seed: 13844588981147335835

40859 sizableburger the Spear-Bearer (level 13, -1/106 HPs)
             Began as a Mummy Berserker on Apr 5, 2022.
             Was a High Priest of Trog.
             Killed from afar by a molten gargoyle (26 damage)
             ... with a bolt of magma
             ... on level 6 of the Lair of Beasts.
             The game lasted 00:36:24 (23452 turns).

sizableburger the Spear-Bearer (Mummy Berserker)   Turns: 23452, Time: 00:36:25

Health: -1/106     AC: 17    Str: 24    XL:     13   Next: 76%
Magic:  13/13      EV:  9    Int:  6    God:    Trog [*****.]
Gold:   724        SH:  5    Dex: 19    Spells: 12/12 levels left

rFire   x . .      SeeInvis +   x - +5 glaive (flame)
rCold   + . .      Faith    .   (shield currently unavailable)
rNeg    + + +      Spirit   .   s - +0 plate armour
rPois   ∞          Reflect  +   m - +1 helmet
rElec   .          Harm     .   (no cloak)
rCorr   .          Rampage  .   (no gloves)
Will    +....                   d - +0 pair of boots
Stlth   ..........              E - amulet of reflection
HPRegen 0.27/turn               o - ring of see invisible
MPRegen 0.13/turn               v - +6 ring of dexterity

@: no status effects
A: cold resistance 1, negative energy resistance 3, torment resistance 2, heat
vulnerability 1, in touch with death 2, no potions
a: Renounce Religion, Trog's Hand, Brothers in Arms


You were on level 6 of the Lair of Beasts.
You worshipped Trog.
Trog was extremely pleased with you.
You visited 2 branches of the dungeon, and saw 17 of its levels.
You also visited: Sewer.

You collected 984 gold pieces.
You spent 260 gold pieces at shops.

Inventory:

Hand Weapons
 x - a +5 glaive of flaming (weapon)
 z - the +9 lance "Wyrmbane" {slay drac, rPois rF+ rC+ AC+3}
   (You took it off Maggie on level 8 of the Dungeon)

   It inflicts extra damage against dragons and draconians.
   AC:        It affects your AC (+3).
   rF:        It protects you from fire.
   rC:        It protects you from cold.
   rPois:     It protects you from poison.
Missiles
 b - 2 throwing nets
 c - 2 curare-tipped darts (quivered)
 e - 60 poisoned darts
 F - 6 boomerangs
Armour
 d - a +0 pair of boots (worn)
 i - a +0 scale mail
 l - a +0 buckler
 m - a +1 helmet (worn)
 s - a +0 plate armour (worn)
Jewellery
 o - a ring of see invisible (left hand)
 v - a +6 ring of dexterity (right hand)
 E - an amulet of reflection (around neck)
Wands
 n - a wand of flame (27)
 q - a wand of polymorph (14)
 r - a wand of acid (5)
 t - a wand of mindburst (7)
 u - a wand of iceblast (10)
 y - a wand of paralysis (4)
 A - a wand of charming (11)
Scrolls
 a - 3 scrolls of immolation
 f - 5 scrolls of blinking
 g - 2 scrolls of summoning
 h - 8 scrolls of teleportation
 j - 2 scrolls of magic mapping
 k - 4 scrolls of vulnerability
 p - 3 scrolls of torment
 w - 8 scrolls of identify
 C - 2 scrolls of fog
 D - a scroll of holy word
 H - a scroll of brand weapon


   Skills:
 - Level 11.0 Fighting
 + Level 13.6 Polearms
 - Level 4.4 Throwing
 - Level 7.6 Armour
 + Level 5.0 Dodging
 + Level 7.8 Evocations


You had 12 spell levels left.
You didn't know any spells.
Your spell library was empty.

Dungeon Overview and Level Annotations

Branches:
Dungeon (11/15)            Temple (0/1) D:4            Lair (5/6) D:8
 Shoals (0/4) Lair:4       Spider (0/4) Lair:2          Orc (0/2) D:10
  Sewer (visited)
  Slime: Lair:5-6

Altars:
Ashenzari
Dithmenos
Fedhas
Hepliaklqana
Okawaru
Qazlal
Trog
Vehumet
Wu Jian
Xom
Zin
The Shining One

Shops:
D:5 *

Portals:
Trove: D:10 (give +2 storm dragon scales)

Annotations:
D:1 1 runed translucent door
Lair:4 3 runed translucent doors, Ucinyis's ghost, journeyman MfBe


Innate Abilities, Weirdness & Mutations

You are immune to poison.
Your flesh is cold resistant. (rC+)
You are immune to negative energy. (rN+++)
You are immune to unholy pain and torment.
You are vulnerable to heat. (rF-)
You are strongly in touch with the powers of death.
You do not drink.


Message History

The black mamba barely misses you.
The black mamba bites you but does no damage.
The basilisk hisses menacingly.
You hit the black mamba. You burn the black mamba.
The black mamba is severely wounded.
The black mamba bites you!
You miss the black mamba.
The black mamba is severely wounded.
The black mamba bites you. The black mamba bites you!
You are too injured to fight recklessly!
You are too injured to fight recklessly!
You slice the black mamba!! You burn the black mamba.
You kill the black mamba!
Trog accepts your kill.
Your Dodging skill increases to level 5!
You barely miss the komodo dragon. The komodo dragon bites you!!
You can't drink.
Unknown command.
Okay, then.
Unknown command.
You fail to use your ability.
The komodo dragon bites you!
Unknown command.
Your two-headed ogre goes berserk!
The komodo dragon bites you!
* * * LOW HITPOINT WARNING * * *
You swap places.
The komodo dragon bites your two-headed ogre!
Your two-headed ogre hits the komodo dragon with a +0 giant club!!
Your two-headed ogre hits the komodo dragon with a +0 dire flail!!
The komodo dragon dies!
Trog accepts your kill.
Unknown command.
Your two-headed ogre hits the basilisk with a +0 giant club!!
Your two-headed ogre hits the basilisk with a +0 dire flail.
The basilisk dies!
Trog accepts your kill.
The molten gargoyle blasts magma at you!
The bolt of magma hits your two-headed ogre!!
The bolt of magma hits you!! The lava burns you terribly!
You die...

.................................
.................................
#................................
...................#.............
.......#............##...........
......######P.P.............#....
.........# ##............######.#
......<### #.#........##* ###
.......### #..#@.......** ##
.........## #.#O#.......,* ###.
..P.....#.# ##†###......** #..#
.#...#..### #.9# *#.....* #...
.######..# *#..# *##..#* ###. ##
#.## #...#* **## *** #. .# ###
#....****** ***≈* ## ##
***#.....*8*,* *≈≈≈* #***
*8*.......,,****≈≈**


You could see a molten gargoyle (ally target) and a friendly two-headed ogre
(summoned, berserk).

Vanquished Creatures
  Kirke (Lair:5)
  Snorg (Lair:4)
  A catoblepas (Lair:6)
  2 two-headed ogres
  An orb spider (Lair:2)
  20 elephants
  5 black mambas
  Maggie (D:8)
  4 cane toads
  4 rime drakes
  6 komodo dragons
  A hornet (D:9)
  A troll (D:10)
  2 slime creatures (D:10)
  14 blink frogs
  6 dream sheep (Lair:5)
  Sigmund (D:3)
  Grum (D:9)
  A vampire (D:9)
  5 wyverns
  56 yaks
  2 basilisks
  A hog (Lair:5)
  An acid dragon (D:8)
  Edmund (D:6)
  13 water moccasins
  A swamp drake (D:10)
  An ice beast (D:6)
  6 black bears
  4 sky beasts
  3 orc warriors (D:10)
  An ogre (D:6)
  24 wolves
  2 centaurs
  7 kobold brigands
  A phantom (D:4)
  A gnoll sergeant (D:7)
  12 bullfrogs
  6 wights
  4 scorpions
  19 killer bees
  4 howler monkeys
  3 electric eels (Lair:1)
  2 jellies
  6 orc priests
  2 hounds
  3 iguanas
  3 gnoll shamans
  7 orc wizards
  Robin (D:3)
  23 gnolls
  8 adders
  2 river rats (D:5)
  2 shadow imps
  3 white imps (D:8)
  2 ufetubi (D:6)
  7 worms
  A dart slug (D:1)
  27 orcs
  3 bats (D:1)
  9 endoplasms
  3 giant cockroaches (D:4)
  14 goblins
  6 hobgoblins
  3 jackals (D:5)
  5 quokkas
  7 ball pythons
  5 frilled lizards
  31 kobolds
  5 rats
441 creatures vanquished.

Vanquished Creatures (collateral kills)
  A boulder beetle (Lair:3)
  A komodo dragon (Lair:6)
  2 basilisks
4 creatures vanquished.

Vanquished Creatures (others)
  A yak (Lair:6)
  An orc wizard (D:4)
  An orc (D:7)
  A bush (Lair:1)
  46 fungi
  92 plants
142 creatures vanquished.

Grand Total: 587 creatures vanquished

Notes
Turn   | Place    | Note
-------+----------+-------------------------------------------
     0 | D:1      | sizableburger the Mummy Berserker began the quest for the
                  | Orb.
     0 | D:1      | Reached XP level 1. HP: 18/18 MP: 1/1
     0 | D:1      | Noticed a jelly
     1 | D:1      | Found a runed translucent door.
   254 | D:1      | Reached skill level 3 in Polearms
   254 | D:1      | Reached XP level 2. HP: 18/24 MP: 2/2
  1003 | D:2      | Gained mutation: You are in touch with the powers of death.
                  | [Mummy growth]
  1003 | D:2      | Reached XP level 3. HP: 24/29 MP: 3/3
  1005 | D:2      | Identified the +5 hunting sling of Judgement {flame, rElec}
  1416 | D:2      | Found a faded altar of an unknown god.
  1834 | D:2      | Reached skill level 4 in Polearms
  2008 | D:2      | Reached XP level 4. HP: 15/35 MP: 4/4
  2425 | D:3      | Reached ** piety under Trog
  2615 | D:3      | Reached XP level 5. HP: 40/41 MP: 5/5
  2776 | D:3      | Noticed Robin
  2800 | D:3      | Killed Robin
  2804 | D:3      | Reached skill level 5 in Polearms
  2948 | D:3      | Noticed Sigmund
  2961 | D:3      | Killed Sigmund
  2962 | D:3      | Reached XP level 6. HP: 47/47 MP: 6/6
  3075 | D:3      | Found an iron altar of Okawaru.
  3076 | D:3      | Found a bloodstained altar of Trog.
  3461 | D:4      | Found a staircase to the Ecumenical Temple.
  3494 | D:4      | Reached skill level 6 in Polearms
  3685 | D:4      | Noticed a sky beast
  3697 | D:4      | Killed a sky beast
  3698 | D:4      | Reached XP level 7. HP: 52/52 MP: 7/7
  3890 | D:4      | Found a shadowy altar of Dithmenos.
  4080 | D:4      | Found a stormy altar of Qazlal.
  4413 | D:4      | Reached skill level 7 in Polearms
  4439 | D:5      | Entered Level 5 of the Dungeon
  4606 | D:5      | Found a glowing drain.
  4658 | Sewer    | Entered a sewer
  4766 | Sewer    | Reached *** piety under Trog
  5123 | Sewer    | Reached skill level 8 in Polearms
  5432 | Sewer    | Reached XP level 8. HP: 33/58 MP: 8/8
  6151 | D:5      | Found a shimmering altar of Xom.
  6525 | D:5      | Reached skill level 1 in Throwing
  6974 | D:5      | Found a hazy altar of Hepliaklqana.
  7165 | D:5      | Found Zuymaege's General Store.
  7209 | D:5      | Bought a scroll of brand weapon for 260 gold pieces
  7733 | D:6      | Identified the +5 war axe "Edaxaq" {vamp, rF+ Int+4 Stlth+}
  7761 | D:6      | Noticed Edmund
  7774 | D:6      | Killed Edmund
  7979 | D:6      | Found a blossoming altar of Fedhas.
  8219 | D:6      | Reached XP level 9. HP: 67/67 MP: 9/9
  8226 | D:6      | Reached skill level 5 in Fighting
  8564 | D:6      | Found an ornate altar of the Wu Jian Council.
  8629 | D:7      | Noticed a two-headed ogre
  8694 | D:7      | Reached skill level 9 in Polearms
  8748 | D:7      | Killed a two-headed ogre
  8978 | D:7      | Reached **** piety under Trog
  9953 | D:8      | Found a broken altar of Ashenzari.
 10061 | D:8      | Reached XP level 10. HP: 79/79 MP: 10/10
 10137 | D:8      | Noticed Maggie
 10358 | D:8      | Found a staircase to the Lair.
 10970 | D:8      | Killed Maggie
 10971 | D:8      | Reached skill level 10 in Polearms
 11084 | D:8      | You fall into a shaft and drop 2 floors!
 11084 | D:10     | Entered Level 10 of the Dungeon
 12348 | D:9      | Reached ***** piety under Trog
 12573 | D:9      | Noticed Grum
 12610 | D:9      | Killed Grum
 13143 | D:10     | Reached skill level 11 in Polearms
 13244 | D:10     | Reached XP level 11. HP: 69/90 MP: 11/11
 13451 | D:10     | Reached skill level 10 in Fighting
 13679 | D:10     | Noticed a two-headed ogre
 13687 | D:10     | Killed a two-headed ogre
 14003 | D:10     | Found a portal to a secret trove of treasure.
 14761 | D:10     | Found a staircase to the Orcish Mines.
 15214 | Lair:1   | Entered Level 1 of the Lair of Beasts
 15603 | Lair:1   | Reached skill level 12 in Polearms
 15789 | Lair:1   | Reached skill level 1 in Evocations
 16182 | Lair:1   | Reached skill level 5 in Armour
 17026 | Lair:1   | Reached XP level 12. HP: 92/99 MP: 12/12
 17075 | Lair:1   | Received a gift from Trog
 17090 | Lair:1   | Found a radiant altar of Vehumet.
 17704 | Lair:2   | Found a hole to the Spider Nest.
 19394 | Lair:3   | Noticed a boulder beetle
 19413 | Lair:3   | Killed a boulder beetle
 19414 | Lair:3   | Reached skill level 5 in Evocations
 21117 | Lair:4   | Noticed Ucinyis's ghost (journeyman MfBe)
 21118 | Lair:4   | Found a runed translucent gate.
 21119 | Lair:4   | Found a runed translucent gate.
 21119 | Lair:4   | Found a runed translucent gate.
 21172 | Lair:4   | Gained mutation: You are strongly in touch with the powers
                  | of death. [Mummy growth]
 21172 | Lair:4   | Reached XP level 13. HP: 106/106 MP: 13/13
 21617 | Lair:4   | Reached skill level 13 in Polearms
 21697 | Lair:4   | Found a staircase to the Shoals.
 22163 | Lair:5   | Noticed Snorg
 22177 | Lair:4   | Killed Snorg
 22433 | Lair:5   | Noticed Kirke
 22449 | Lair:5   | Killed Kirke
 22505 | Lair:5   | You fall into a shaft and drop 1 floor!
 22505 | Lair:6   | Entered Level 6 of the Lair of Beasts
 23448 | Lair:6   | Reached skill level 5 in Dodging
 23452 | Lair:6   | Killed from afar by a molten gargoyle

Illustrated notes

Levels and vault maps discovered:
D:1:      dpeg_arrival_caged_fury, layout_loops_ring, minmay_cupped
D:2:      layout_basic, shapermc_ecumenical_altar_flowoftime, minmay_liquid_box
D:3:      layout_loops_ring, grunt_temple_overflow_bloody_war, st_stairs_4,
          uniq_robin, uniq_sigmund
D:4:      layout_loops_ring, mainiacjoe_overflow_chevrons,
          mainiacjoe_overflow_swirl, temple_doors_e
D:5:      layout_gridville, xom_teletrap_fun, mainiacjoe_overflow_tiny_flanked,
          serial_shops, shop, lightli_sewer_entry_pipes,
          dreamdust_princess_corridor
D:6:      layout_loops_ring, nzn_wu_jian_council_hall, fedhas_altar_4,
          uniq_edmund
D:7:      layout_loops_ring
D:8:      layout_cave_pools, nicolae_overflow_hidden_temple, tso_altar,
          dpeg_oklobed_lair, uniq_maggie
D:9:      layout_loops_corners, minmay_between, uniq_grum
D:10:     layout_long_grid, erik_orc_1, trove_entry_hex_spiral,
          roderic_lattice_a
D:11:     layout_big_octagon, serial_glass, glass_columns_c, glass_columns_a,
          uniq_maurice
Lair:1:   layout_hall_layers, basic_altar, nicolae_lair_grazing_beasts
          [nicolae_sub_lair_graze_edge, nicolae_sub_lair_graze_edge,
          nicolae_sub_lair_graze_edge, nicolae_sub_lair_graze_edge],
          serial_bayou_shore_a, infiniplex_staircase_pool
Lair:2:   layout_chaotic_city, nicolae_spider_entry_orb_guardian,
          hangedman_lair_unloving_vines, minivault_23
Lair:3:   layout_cave_shapes, grunt_megastairs_2, infiniplex_staircase_pool_2
Lair:4:   layout_roguey, shoals_dummy_entry, gammafunk_ghost_split,
          st_stairs_10, grunt_megastairs_1
Lair:5:   layout_cave_pods, dpeg_slime_entry_enclosed_altar,
          serial_bayou_shore_b, uniq_kirke, uniq_snorg
Lair:6:   cheibrodos_lair_end_hotspot, layout_hall_layers, uniq_nessos

Skill      XL: |  1  2  3  4  5  6  7  8  9 10 11 12 13 |
---------------+----------------------------------------+-----
Polearms       | 3 4 5 6 8 9 11 12 13 | 13.6
Armour         | 2 5 7 |  7.6
Throwing       | 2 4 |  4.4
Fighting       | 4 7 9 10 11 | 11.0
Evocations     | 3 6 7 |  7.8
Dodging        | 5 |  5.0

Action                   |  1- 3 |  4- 6 |  7- 9 | 10-12 | 13-15 || total
-------------------------+-------+-------+-------+-------+-------++-------
Melee: Spear             |   146 |   206 |   395 |       |       ||   747
       Punch             |     1 |     1 |     2 |       |       ||     4
       Trident           |       |       |   111 |    50 |       ||   161
       Halberd           |       |       |   145 |       |       ||   145
       Lance             |       |       |       |   547 |       ||   547
       Glaive            |       |       |       |   228 |   267 ||   495
Throw: Dart              |       |     5 |    16 |     4 |     1 ||    26
       Boomerang         |       |       |       |     3 |       ||     3
Invok: Trog's Hand       |       |     1 |     4 |     3 |     4 ||    12
       Brothers in Arms  |       |       |       |     2 |     1 ||     3
Evoke: Wand              |       |       |     1 |     1 |     5 ||     7
  Use: Scroll            |     2 |     1 |    11 |     5 |     2 ||    21
 Stab: Sleeping          |     2 |       |       |       |       ||     2
       Petrified         |       |       |       |       |     6 ||     6
       Paralysed         |       |       |       |       |     3 ||     3
Armor: Animal skin       |     9 |       |       |       |       ||     9
       Scale mail        |    36 |    52 |   216 |   105 |       ||   409
       Plate armour      |       |       |       |   207 |   151 ||   358
Dodge: Dodged            |    52 |    84 |   267 |   267 |   116 ||   786
Block: Buckler           |       |       |       |    79 |       ||    79
       Other             |       |       |       |    50 |    62 ||   112

Table legend: (Time is in decaauts)
 A = Elapsed time spent in this place.
 B = Non-inter-level travel time spent in this place.
 C = Inter-level travel time spent in this place.
 D = Time resting spent in this place.
 E = Time spent auto-exploring this place.
 F = Levels seen in this place.
 G = Mean time per level.
                   A        B        C        D        E       F      G
               +--------+--------+--------+--------+--------+-----+--------+
         Total |  23171 |  21898 |   1273 |   6764 |  11608 |  18 | 1287.3 |
       Dungeon |  14229 |  13128 |   1101 |   3073 |   7917 |  11 | 1293.5 |
          Lair |   7930 |   7758 |    172 |   2993 |   3545 |   6 | 1321.7 |
         Sewer |   1011 |   1011 |      0 |    697 |    145 |   1 | 1011.0 |
               +--------+--------+--------+--------+--------+-----+--------+

Top non-repeatable levels by time:
     D:5: 2020 daAuts
    D:10: 1988 daAuts
     D:7: 1969 daAuts
  Lair:1: 1922 daAuts
  Lair:4: 1922 daAuts
     D:9: 1568 daAuts
  Lair:3: 1547 daAuts
     D:2: 1519 daAuts
  Lair:2: 1395 daAuts
     D:4: 1262 daAuts
     D:8: 1145 daAuts
   Sewer: 1011 daAuts
     D:3: 978 daAuts
  Lair:6: 951 daAuts
     D:6: 940 daAuts
